AoeStats
← Absolute Unit

Arabia

509727830Analyzed
2v2 RM · 4d ago on Sep 27, 2026· 21m 19s· 4 players
Game mode
Random Map
Map size
Medium (4 player)
Population
200
Speed
Normal
Resources
Standard
Victory
Conquest
Starting age
Dark Age
Ending age
Imperial Age
RankedLock teamsTeams togetherTeam positionsShared explorationLock speedFull tech treeHidden civsTurbo modeCheats
Victory
Defeat
876
+14
🇩🇪 Varangians · Germany
834
+16
🇩🇰 Franks · Denmark
850
-16
🇩🇰 Danes · Denmark
813
-14
Absolute Unit
8:28 Loom
10:16 Feudal Age
14:07 Forging
15:45 Scale Barding Armor
19:53 Wheelbarrow
22:51 Castle Age
20:55 Double-Bit Axe
21:07 Stone Mining
Warren J. Peachy
0:49 Loom
11:57 Feudal Age
18:04 Horse Collar
Schweindals | LordN00bius
8:21 Loom
11:09 Feudal Age
11:14 Man-at-Arms
12:11 Double-Bit Axe
13:14 Scale Mail Armor
19:36 Horse Collar
23:54 Castle Age
Phil
11:49 Feudal Age
16:09 Wheelbarrow
17:41 Castle Age
17:41 Fletching
17:40 Double-Bit Axe
21:12 Squires
Connection lost

Rejoining the realm…

Still unreachable

The connection could not be restored.

Session expired

The server has moved on; the page needs a fresh start.